Description

Clem v ShoWTimE: Game 1 - Acid Plant LE Copy

Replay - Clem v ShoWTimE: Game 1 - Acid Plant LE

Build Order

Get SALT Encoding   

  12  0:00  Probe  
  13  0:12  Probe  
  14  0:17  Pylon  
  14  0:24  Probe  
  15  0:32  Probe  
  15  0:37  Gateway  
  15  0:40  Probe  
  16  0:46  Assimilator  
  17  0:51  Probe  
  18  1:03  Probe  
  19  1:15  Probe  
  20  1:22  Nexus  
  20  1:34  Cybernetics Core  
  20  1:36  Probe  
  21  1:42  Assimilator  
  21  1:48  Probe  
  21  1:52  Pylon  
  23  2:01  Adept  
  26  2:16  Stargate  
  26  2:20  Adept  
  26  2:23  Warp Gate  
  32  2:46  Adept  
  32  2:50  Oracle  
  41  3:08  Pylon  
  43  3:20  Oracle  
  48  3:41  Gateway x2  
  48  3:45  Assimilator  
  50  3:58  Pylon  
  50  4:01  Phoenix  
  54  4:17  Nexus  
  56  4:25  Shield Battery  
  56  4:26  Assimilator  
  57  4:32  Shield Battery  
  57  4:36  Pylon  
  58  4:41  Forge  
  58  4:45  Twilight Council  
  60  4:47  Sentry, Protoss Ground Weapons Level 1  
  62  4:55  Adept x2, Blink  
  68  5:06  Robotics Facility  
  70  5:24  Sentry x2  
  78  5:41  Gateway x3  
  81  5:55  Observer  
  83  6:00  Stalker x2  
  86  6:10  Stalker  
  89  6:15  Shield Battery  
  91  6:18  Gateway x2  
  91  6:22  Protoss Ground Armor Level 1  
  92  6:26  Observer  
  95  6:33  Assimilator  
  95  6:38  Assimilator  
  97  6:42  Charge  
  97  6:47  Immortal  
  97  6:50  Sentry  
  97  6:51  Stalker x3  
  107  6:59  Stalker x2  
  110  7:18  Stalker x2  
  117  7:28  Robotics Bay  
  117  7:29  Robotics Facility  
  117  7:43  Warp Prism  
  133  8:12  Zealot x5  
  139  8:18  Colossus  
  137  8:20  Zealot  
  137  8:26  Colossus  
  126  8:34  Zealot x3  
  115  8:48  Sentry  
  123  8:59  Nexus  
  123  9:13  Sentry x2  
  123  9:15  Zealot  
Spawning Tool Build Advisor. Get it on Overwolf

Go to:

Details

  • Created by: jacobgantzpoylglot
  • Published on: Jul 02, 2018
  • Modified on: Jul 02, 2018
  • Patch: 4.0.0
Show
View Real Time Build Order
Export as new Build Order

Comments (0)

There are no comments. Be the first!

Create an account to comment!